 Dungeon Crawl Stone Soup version 0.21.1-1-g345015f (webtiles) character file.

1818082 anselm the Slayer (level 26, 254/254 HPs)
             Began as a Minotaur Fighter on May 10, 2018.
             Was the Champion of Okawaru.
             Escaped with the Orb
             ... and 3 runes!
             The game lasted 03:21:32 (58730 turns).

anselm the Slayer (Minotaur Fighter)               Turns: 58730, Time: 03:21:33

Health: 254/254    AC: 58    Str: 26    XL:     26   Next: 47%
Magic:  40/40      EV: 21    Int:  8    God:    Okawaru [******]
Gold:   2090       SH: 25    Dex: 17    Spells: 25/25 levels left

rFire    + + +     SeeInvis .   a - +9 morningstar "Matt" {speed, rC+ Dex+3}
rCold    + . .     Gourm    .   c - +4 shield {rN+}
rNeg     + . .     Faith    .   L - +18 crystal plate armour of Focus {rElec rF+}
rPois    .         Spirit   .   S - +2 hat
rElec    +         Reflect  .   u - +0 cloak of Devotion {rC- MR+++ Dex-2 Slay+5}
rCorr    .         Harm     .   N - +0 pair of gloves of the Saviour {+Inv rF+ rC+ MR-} (curse)
MR       +++..                  G - +2 pair of boots {run}
Stlth    ..........             s - amulet of regeneration
HPRegen  0.92/turn              E - +3 ring of evasion
MPRegen  0.27/turn              Q - ring of Obsession {rF+ MP+9 Str+2}

@: quick
A: retaliatory headbutt, horns 2, large bone plates 1, molten scales 1, low mp 1
0: Orb of Zot
}: 3/15 runes: decaying, silver, gossamer
a: Heroism, Finesse, Renounce Religion, Evoke Invisibility


You escaped.
You worshipped Okawaru.
Okawaru was exalted by your worship.
You were not hungry.

You visited 8 branches of the dungeon, and saw 46 of its levels.
You visited 1 bazaar.
You also visited: Labyrinth and Ice Cave.

You collected 7558 gold pieces.
You spent 5468 gold pieces at shops.

Inventory:

Hand Weapons
 a - the +9 morningstar "Matt" (weapon) {speed, rC+ Dex+3}
   (You found it in a labyrinth)

   Attacks with this weapon are significantly faster.
   It affects your dexterity (+3).
   It protects you from cold.
 b - the +6 fustibalus of Dismay {speed, +Fly rC+}
   (You bought it in a shop on level 5 of the Vaults)

   Attacks with this weapon are significantly faster.
   It protects you from cold.
   It lets you fly.
 e - a +8 eveningstar of freezing
Missiles
 y - 133 sling bullets
 H - 8 throwing nets (quivered)
Armour
 c - a +4 shield of positive energy (worn)
 d - a +1 pair of gloves of archery
 u - the +0 cloak of Devotion (worn) {rC- MR+++ Dex-2 Slay+5}
   (Okawaru gifted it to you on level 4 of the Vaults)

   It affects your dexterity (-2).
   It affects your accuracy and damage with ranged weapons and melee attacks
   (+5).
   It makes you vulnerable to cold.
   It affects your resistance to hostile enchantments.
 z - a +2 cloak of cold resistance
 B - the +0 cloak of Okawaru's Supremacy {rPois Int+5}
   (Okawaru gifted it to you on level 1 of the Realm of Zot)

   It affects your intelligence (+5).
   It protects you from poison.
 G - a +2 pair of boots of running (worn)
 L - the +18 crystal plate armour of Focus (worn) {rElec rF+}
   (Okawaru gifted it to you on level 6 of the Lair of Beasts)

   It protects you from fire.
   It insulates you from electricity.
 N - the cursed +0 pair of gloves of the Saviour (worn) {+Inv rF+ rC+ MR-}
   (You bought it in a shop on level 4 of the Vaults)

   It protects you from fire.
   It protects you from cold.
   It affects your resistance to hostile enchantments.
   It lets you turn invisible.
   It has a curse placed upon it.
 S - a +2 hat (worn)
Jewellery
 s - an amulet of regeneration (around neck)
 E - a +3 ring of evasion (left hand)
 F - an uncursed ring of resist corrosion
 M - the ring of the Empire {rPois Dex+3 Stlth+}
   (You took it off a deep elf archer on level 5 of the Vaults)

   [ring of poison resistance]

   It affects your dexterity (+3).
   It protects you from poison.
   It makes you more stealthy.
 Q - the ring of Obsession (right hand) {rF+ MP+9 Str+2}
   (You found it in a labyrinth)

   [ring of magical power]

   It affects your strength (+2).
   It protects you from fire.
   It affects your magic capacity (+9).
 T - an uncursed ring of see invisible
Wands
 i - a wand of iceblast (31)
 o - a wand of acid (23)
 p - a wand of paralysis (32)
 t - a wand of clouds (21)
 A - a wand of digging (48)
Scrolls
 g - 8 scrolls of fear
 m - 15 scrolls of teleportation
 n - 2 scrolls of magic mapping
 x - 21 scrolls of remove curse
 I - 6 scrolls of blinking
 J - 3 scrolls of amnesia
 P - 4 scrolls of fog
 R - 2 scrolls of summoning
 W - 5 scrolls of immolation
Potions
 h - 5 potions of agility
 j - 6 potions of curing
 k - 4 potions of haste
 q - 7 potions of heal wounds
 v - 12 potions of magic
 w - a potion of resistance
 C - 5 potions of ambrosia
 K - 3 potions of berserk rage
 O - 3 potions of invisibility
 U - 3 potions of mutation
 Y - 2 potions of cancellation
Miscellaneous
 l - a lamp of fire
 r - a sack of spiders
 D - a lightning rod (4/4)
 V - a fan of gales
 X - a phial of floods
Comestibles
 f - 58 rations


   Skills:
 + Level 24.0 Fighting
 - Level 16.0 Maces & Flails
 - Level 14.2 Slings
 - Level 22.6 Armour
 + Level 21.0 Dodging
 * Level 20.9 Shields
 - Level 10.4 Invocations
 + Level 17.1 Evocations


You had 25 spell levels left.
You didn't know any spells.

Dungeon Overview and Level Annotations

Branches:
Dungeon (15/15)            Temple (0/1) D:6            Lair (6/6) D:8
  Swamp (4/4) Lair:3       Spider (4/4) Lair:3        Slime (0/5) Lair:5
    Orc (2/2) D:9             Elf (0/3) Orc:2        Vaults (5/5) D:13
  Crypt (0/3) Vaults:2     Depths (5/5) D:15            Zot (5/5) Depths:5

Altars:
Ashenzari
Dithmenos
Fedhas
Gozag
Makhleb
Nemelex Xobeh
Okawaru
Qazlal
Trog
Vehumet
Zin
The Shining One
Beogh

Shops:
D:6 [(*   D:7 :   D:8 !   D:9 (   D:12 [   Orc:1 %   Orc:2 [=(*   Vaults:3 =
Vaults:4 [   Vaults:5 (   Depths:1 }=}

Portals:
Hell: Lair:6 Depths:1 Depths:2 Depths:3 Depths:4 Depths:5
Abyss: Depths:2 Depths:4
Pandemonium: Depths:3 Depths:4
Ziggurat: Depths:2

Annotations:
D:6 exclusion: oklob plant
Lair:4 exclusion: oklob plant
Zot:5 exclusion: orange crystal statue


Innate Abilities, Weirdness & Mutations

You reflexively headbutt those who attack you in melee.
You have a pair of horns on your head.
You are partially covered in large bone plates. (SH +4)
You are partially covered in molten scales. (AC +2)
Your magical capacity is low. (-10% MP)


Message History

You climb upwards.
There is a stone staircase leading down here.
(D) Dungeon (T) Temple (L) Lair (S) Swamp (N) Spider Nest (M) Slime Pits (O) Orcish Mines (E) Elven Halls (V) Vaults (C) Crypt (U) Depths (H) Hell (Z) Zot
Where to? (Enter - D:1 @ (x,y), ? - help)
Okay, then.
There is an open door here.
You are feeling very hungry.
You eat one of the 59 rations.
That ration really hit the spot!
There is an open door here.
Aiming: Dig
Press: ? - help, Shift-Dir - straight line The rock shatters into small pieces.
Aiming: Dig
Press: ? - help, Shift-Dir - straight line The rock shatters into small pieces.
There is a staircase leading out of the dungeon here.
You have escaped!

######......#.####........#####
#....'......'>............'....
#.####......#.####........#####
#.# #......#.##....#..........
#.# ##........................
#.# #.###########...#########
#.#####.# #.### #.#.....# ###
#.# #.#(##### ##@# ##.#
#.#....# ####.####..# ##
#.#....# #........#.# #.
#.....## #.####.##..# #.
#...#.# ##.##.####.# #. #...#.#
##.##.####.## #. #..)#.#
#.##.####.## #. ###.#.#
##.##.##.## ## #.#.#
##.##.##.##


There were no monsters in sight!

Vanquished Creatures
  4 ancient liches (Zot:5)
  4 orbs of fire (Zot:5)
  Mara (Depths:2)
  7 Killer Klowns
  2 curse toes (Zot:5)
  11 golden dragons
  Nikola (Spider:2)
  The ghost of zishaf the Severer, an adept HOFi of Beogh (Vaults:5)
  7 electric golems
  2 Ice Fiends (IceCv)
  16 tentacled monstrosities
  25 Orb Guardians (Zot:5)
  4 titans (Vaults:5)
  5 liches
  7 quicksilver dragons
  4 sphinxes
  2 thorn hunters (Swamp:4)
  5 death cobs
  Kirke (Swamp:4)
  10 storm dragons
  The ghost of dedward the Severer, an adept MiFi of Uskayaw (Swamp:4)
  9 tengu reavers
  8 shadow dragons
  3 draconian monks
  3 fire giants
  3 iron dragons
  3 deep elf sorcerers
  3 draconian knights
  15 vault wardens
  12 frost giants
  A balrug (Depths:1)
  6 ghost moths
  4 draconian scorchers
  3 orc warlords
  Louise (Depths:4)
  6 emperor scorpions
  18 ironheart preservers
  6 draconian annihilators
  4 draconian stormcallers
  29 very ugly things
  16 stone giants
  A vampire knight (Depths:4)
  4 entropy weavers
  3 war gargoyles
  2 deep elf demonologists
  Azrael (D:12)
  2 black draconians
  6 purple draconians
  6 yellow draconians
  A dire elephant (shapeshifter) (Vaults:1)
  8 green draconians
  4 deep elf annihilators
  3 white draconians
  2 dire elephants
  6 red draconians
  4 spark wasps
  Snorg (Orc:2)
  A deep elf death mage (Depths:4)
  2 deep elf high priests (Vaults:5)
  A minotaur (Lab)
  2 jiangshi
  8 fire dragons
  An eidolon (Vaults:2)
  17 ettins
  Josephine (D:12)
  14 yaktaur captains
  37 vault guards
  7 great orbs of eyes
  12 ice dragons
  A ghost crab (Swamp:4)
  A hell beast (Depths:3)
  17 hydras
  5 spriggan air magi
  Erica (D:9)
  An anaconda (Lair:4)
  2 catoblepae
  2 death knights
  12 centaur warriors
  15 death yaks
  36 two-headed ogres
  11 deep troll shamans
  A queen ant (Spider:1)
  An alligator (Swamp:2)
  Urug (Lair:3)
  12 deep troll earth magi
  2 vampire magi
  11 ogre magi
  4 tengu warriors
  A soul eater (Depths:4)
  3 orc high priests (Orc:2)
  4 spriggan berserkers
  6 deep elf knights
  3 sun demons
  6 hell knights
  8 spriggans
  2 iron trolls
  A fire crab (shapeshifter) (Depths:4)
  A salamander mystic (Depths:2)
  3 shadow wraiths
  11 skeletal warriors
  A torturous demonspawn (Depths:3)
  An unseen horror (shapeshifter) (Depths:5)
  3 spriggan druids
  3 shambling mangroves
  A swamp dragon (shapeshifter) (Depths:2)
  45 deep trolls
  5 unseen horrors
  5 wizards
  An infernal demonspawn (Depths:4)
  17 swamp dragons
  2 phantasmal warriors (Vaults:5)
  3 flayed ghosts
  7 glowing orange brains
  17 ironbrand convokers
  2 harpies (shapeshifter) (Vaults:1)
  4 deep elf archers
  6 harpies
  3 necromancers
  17 orb spiders
  A faun (shapeshifter) (Vaults:5)
  15 orc knights
  A frost giant zombie (Vaults:3)
  49 ugly things
  11 orc sorcerers
  14 deep elf magi
  32 wolf spiders
  3 manticores
  4 large abominations (Depths:2)
  4 cyclopes
  3 salamanders (Depths:2)
  Maurice (D:12)
  A moth of wrath (shapeshifter) (Depths:4)
  3 black mambas (Lair:4)
  4 centaur zombies
  6 elephants (Zot:1)
  18 moths of wrath
  14 vault sentinels
  A black mamba (shapeshifter) (D:13)
  A smoke demon (Lair:6)
  2 ice statues (IceCv)
  A guardian serpent (shapeshifter) (Vaults:4)
  A guardian serpent (Vaults:1)
  2 gargoyles
  5 orange demons
  Psyche (D:8)
  A spiny frog (shapeshifter) (Vaults:5)
  3 torpor snails
  16 spiny frogs
  6 komodo dragons
  9 freezing wraiths
  4 rime drakes
  A tormentor (Depths:4)
  A komodo dragon (shapeshifter) (Depths:3)
  65 yaktaurs
  13 demonic crawlers
  2 hellwings
  An entropy weaver simulacrum (Vaults:2)
  19 ice devils
  A queen bee (shapeshifter) (Depths:4)
  A red devil (Lair:6)
  2 trolls (shapeshifter)
  A meliai (shapeshifter) (D:13)
  A merfolk (D:11)
  4 polar bears
  A tengu conjurer (D:15)
  45 jumping spiders
  5 tyrant leeches
  30 hornets
  Prince Ribbit (D:5)
  8 trolls
  34 slime creatures
  18 bog bodies
  11 blink frogs
  A hippogriff (shapeshifter) (Depths:4)
  5 hippogriffs
  2 dream sheep (shapeshifter)
  Sigmund (D:5)
  7 dream sheep (Lair:4)
  2 stone giant simulacra
  A yak (shapeshifter) (Depths:3)
  80 redbacks
  6 wraiths
  A tarantella (shapeshifter) (D:13)
  A basilisk (shapeshifter) (Vaults:1)
  9 water elementals
  4 wyverns
  24 tarantellas
  4 fire elementals
  3 hogs
  A human (shapeshifter) (Depths:2)
  6 humans (Zot:1)
  Eustachio (D:6)
  A vampire (D:15)
  36 yaks
  2 basilisks
  A hog (shapeshifter) (Vaults:4)
  A neqoxec (Depths:3)
  4 chaos spawn (Depths:2)
  A steam dragon (Lair:5)
  10 vampire mosquitoes
  11 wargs
  20 swamp worms
  2 hungry ghosts
  3 acid dragons
  6 insubstantial wisps (Swamp:1)
  A two-headed ogre zombie (D:9)
  28 soldier ants
  5 porcupines
  11 water moccasins
  3 small abominations (Depths:2)
  3 floating eyes (shapeshifter)
  7 hell hounds
  54 orc warriors
  14 swamp drakes
  2 floating eyes
  2 ice beasts
  2 sky beasts
  4 black bears
  A hornet zombie (D:15)
  A necrophage (D:13)
  31 ogres
  3 phantoms
  4 boggarts (Vaults:3)
  18 centaurs
  An eye of draining (D:15)
  11 wolves
  An elf skeleton (Vaults:2)
  12 crocodiles
  2 human zombies (Vaults:3)
  A big kobold (D:11)
  17 bullfrogs
  2 gnoll sergeants (D:9)
  A human skeleton (Vaults:3)
  3 scorpions
  2 troll zombies (D:9)
  5 killer bees (D:13)
  5 wights (D:7)
  A spriggan skeleton (Lab)
  A troll skeleton (Lab)
  6 howler monkeys
  6 electric eels
  4 crimson imps
  2 bullfrog zombies
  2 human simulacra
  3 quasits
  6 centaur skeletons
  A gnoll shaman (D:6)
  15 orc priests
  2 hounds
  2 iron imps
  2 jellies
  33 orc wizards
  4 bullfrog skeletons
  4 iguanas
  23 worker ants
  A hound zombie (D:6)
  5 ogre zombies (D:9)
  An ogre skeleton (Lab)
  A hound skeleton (D:8)
  2 worker ant zombies
  17 gnolls
  10 adders
  A river rat (Lair:3)
  9 shadow imps
  9 white imps
  4 ufetubi (IceCv)
  An ooze (D:6)
  An adder zombie (D:8)
  2 adder skeletons (D:4)
  5 worms
  2 dart slugs
  3 leopard geckos
  90 orcs
  6 giant cockroaches
  7 goblins
  4 hobgoblins
  13 jackals
  5 quokkas
  A ball python (D:4)
  8 bats
  6 frilled lizards
  3 goblin zombies (D:9)
  2 hobgoblin skeletons (D:9)
  5 hobgoblin zombies (D:9)
  A jackal zombie (D:7)
  14 kobolds
  2 orc skeletons (D:9)
  14 orc zombies
  7 rats
2153 creatures vanquished.

Vanquished Creatures (collateral kills)
  the Lernaean hydra (Swamp:4)
  2 alligators (Swamp:4)
3 creatures vanquished.

Vanquished Creatures (others)
  A spriggan defender (Depths:3)
  A deep elf knight (Vaults:3)
  A frost giant skeleton (Vaults:2)
  A tengu conjurer (Depths:2)
  A tyrant leech (Swamp:4)
  A spriggan (Swamp:4)
  A human (Swamp:4)
  3 white imps (IceCv)
  4 ufetubi (IceCv)
  2 orcs
  2 briar patches (Swamp:4)
  37 fungi
  21 plants
76 creatures vanquished.

Grand Total: 2232 creatures vanquished

Notes
Turn   | Place    | Note
-------+----------+-------------------------------------------
     0 | D:1      | anselm the Minotaur Fighter began the quest for the Orb.
     0 | D:1      | Reached XP level 1. HP: 19/19 MP: 0/0
   394 | D:1      | Reached XP level 2. HP: 27/27 MP: 1/1
   865 | D:2      | Found a shadowy altar of Dithmenos.
   885 | D:2      | Reached skill level 4 in Fighting
  1129 | D:2      | Reached XP level 3. HP: 33/33 MP: 2/2
  1393 | D:2      | Reached XP level 4. HP: 37/40 MP: 3/3
  2007 | D:3      | Found an iron altar of Okawaru.
  2017 | D:3      | Became a worshipper of Warmaster Okawaru
  2222 | D:3      | Found an opulent altar of Gozag.
  2277 | D:3      | Reached XP level 5. HP: 35/47 MP: 4/4
  2497 | D:3      | Reached skill level 5 in Maces & Flails
  2900 | D:4      | Reached skill level 5 in Fighting
  2900 | D:4      | Reached skill level 5 in Shields
  3121 | D:4      | Reached XP level 6. HP: 56/56 MP: 5/5
  3713 | D:5      | Entered Level 5 of the Dungeon
  3713 | D:5      | Noticed Sigmund
  3736 | D:5      | Killed Sigmund
  3736 | D:5      | Reached * piety under Okawaru
  3736 | D:5      | Reached XP level 7. HP: 57/62 MP: 6/6
  4118 | D:5      | Noticed Prince Ribbit
  4149 | D:5      | Killed Prince Ribbit
  4149 | D:5      | Reached skill level 6 in Fighting
  4169 | D:5      | Got a jewelled quarterstaff
  4337 | D:5      | Reached ** piety under Okawaru
  4351 | D:6      | Found Onielafo's Weapon Shop.
  4354 | D:6      | Bought a +3 morningstar of protection for 261 gold pieces
  4371 | D:6      | Found a staircase to the Ecumenical Temple.
  4409 | D:6      | Reached XP level 8. HP: 67/71 MP: 7/7
  4525 | D:6      | Found Plog's Antique Armour Shoppe.
  4558 | D:6      | Got a twisted ring mail
  4570 | D:6      | Identified the +1 ring mail "Xushuek" {rN+} (You found it on level 6 of the Dungeon)
  4604 | D:6      | Identified a +2 pair of boots of running (You found it on level 6 of the Dungeon)
  4653 | D:6      | Reached skill level 7 in Fighting
  4695 | D:6      | Reached *** piety under Okawaru
  4954 | D:6      | Found a blossoming altar of Fedhas.
  4955 | D:6      | Noticed an oklob plant
  5014 | D:6      | Noticed Eustachio
  5034 | D:6      | Killed Eustachio
  5093 | D:6      | Found Huecry's Assorted Antiques.
  5101 | D:6      | Bought a bubbling ruby potion for 25 gold pieces
  5101 | D:6      | Bought a scroll of identify for 56 gold pieces
  5244 | D:6      | Found a shattered altar of Ashenzari.
  5277 | D:6      | Found a stormy altar of Qazlal.
  5277 | D:6      | Found a sparkling altar of Nemelex Xobeh.
  5280 | D:6      | Reached skill level 1 in Invocations
  5281 | D:6      | Found a glowing silver altar of Zin.
  5455 | D:7      | Noticed a hippogriff
  5474 | D:7      | Killed a hippogriff
  5474 | D:7      | Reached skill level 10 in Maces & Flails
  5570 | D:7      | Reached XP level 9. HP: 78/81 MP: 9/9
  5699 | D:7      | Reached skill level 8 in Fighting
  5740 | D:7      | Reached **** piety under Okawaru
  6013 | D:7      | Found Saim's Book Boutique.
  6178 | D:8      | Found a bloodstained altar of Trog.
  6484 | D:8      | Found a staircase to the Lair.
  6594 | D:8      | Noticed Psyche
  6602 | D:8      | Killed Psyche
  6602 | D:8      | Reached ***** piety under Okawaru
  6647 | D:8      | Found a radiant altar of Vehumet.
  6751 | D:8      | Found Zasijygeusk's Distillery.
  7057 | D:9      | Reached skill level 9 in Fighting
  7057 | D:9      | Reached XP level 10. HP: 85/91 MP: 12/12
  7198 | D:9      | Found a staircase to the Orcish Mines.
  7356 | D:9      | Found Ivibo's Antique Weapon Shoppe.
  7364 | D:9      | Received a gift from Okawaru
  7367 | D:9      | Got a garnet-encrusted scale mail {god gift}
  7378 | D:9      | Identified the +0 scale mail of the Distant Future {SInv Stlth+} (Okawaru gifted it to you on level 9 of the Dungeon)
  7691 | D:9      | Found a glowing golden altar of the Shining One.
  7778 | D:9      | Noticed Erica
  7790 | D:9      | Killed Erica
  7790 | D:9      | Reached skill level 5 in Invocations
  7987 | D:10     | Entered Level 10 of the Dungeon
  8086 | D:10     | Noticed a two-headed ogre
  8093 | D:10     | Killed a two-headed ogre
  8093 | D:10     | Reached skill level 10 in Shields
  8226 | D:10     | Reached skill level 10 in Fighting
  8563 | D:10     | Noticed an unseen horror
  8570 | D:10     | Killed an unseen horror
  8570 | D:10     | Reached XP level 11. HP: 97/99 MP: 14/14
  8763 | Lair:1   | Entered Level 1 of the Lair of Beasts
  9694 | Lair:2   | Received a gift from Okawaru
  9698 | Lair:2   | Got a scorched demon whip {god gift}
  9702 | Lair:2   | Identified the +1 demon whip of the Imperium {vamp, Fragile rElec Stlth+} (Okawaru gifted it to you on level 2 of the Lair of Beasts)
 10053 | Lair:2   | Noticed a death yak
 10056 | Lair:2   | Noticed a death yak
 10070 | Lair:2   | Killed a death yak
 10077 | Lair:2   | Killed a death yak
 10872 | Lair:2   | Reached skill level 11 in Fighting
 10966 | Lair:2   | Reached XP level 12. HP: 110/110 MP: 16/16
 11072 | Lair:3   | Reached ****** piety under Okawaru
 11283 | Lair:3   | Found a hole to the Spider Nest.
 11578 | Lair:3   | Found a staircase to the Swamp.
 11855 | Lair:3   | Noticed Urug
 11870 | Lair:3   | Killed Urug
 12177 | Lair:3   | Reached XP level 13. HP: 101/116 MP: 17/17
 12192 | Lair:3   | Reached skill level 15 in Maces & Flails
 12541 | Lair:4   | Found a radiant altar of Vehumet.
 12634 | Lair:4   | Received a gift from Okawaru
 13121 | Lair:4   | Reached skill level 12 in Fighting
 14262 | Lair:5   | Found a staircase to the Slime Pits.
 14617 | Lair:6   | Entered Level 6 of the Lair of Beasts
 14826 | Lair:5   | Reached skill level 5 in Armour
 14888 | Lair:6   | Received a gift from Okawaru
 15211 | Lair:6   | Reached XP level 14. HP: 127/127 MP: 19/19
 15285 | Lair:6   | Identified 3 scrolls of acquirement
 15513 | Lair:6   | Reached skill level 13 in Fighting
 15521 | Lair:6   | Found a burning altar of Makhleb.
 15953 | Lair:6   | Found a gateway to Hell.
 16181 | Lair:6   | Received a gift from Okawaru
 16184 | Lair:6   | Got a translucent crystal plate armour {god gift}
 16195 | Lair:6   | Identified the +18 crystal plate armour of Focus {rElec rF+} (Okawaru gifted it to you on level 6 of the Lair of Beasts)
 17306 | D:11     | Reached skill level 10 in Invocations
 17558 | D:12     | Noticed Azrael
 17594 | D:12     | Killed Azrael
 17680 | D:12     | Noticed Josephine
 17701 | D:12     | Killed Josephine
 17822 | D:12     | Noticed Maurice
 17831 | D:12     | Killed Maurice
 17971 | D:12     | You fall through a shaft for 2 floors!
 18038 | D:14     | Found a labyrinth entrance.
 18048 | Lab      | Entered a labyrinth
 18983 | Lab      | Reached skill level 15 in Shields
 19255 | Lab      | Got a bloodstained morningstar
 19255 | Lab      | Got a slimy glass ring
 19256 | Lab      | Identified the ring of Obsession {rF+ MP+9 Str+2} (You found it in a labyrinth)
 19257 | Lab      | Identified the +9 morningstar "Matt" {speed, rC+ Dex+3} (You found it in a labyrinth)
 20415 | D:13     | Reached XP level 15. HP: 132/137 MP: 21/21
 20426 | D:13     | Found a gate to the Vaults.
 20454 | D:13     | Reached skill level 1 in Evocations
 20501 | D:13     | Received a gift from Okawaru
 20501 | D:13     | Reached skill level 14 in Fighting
 20915 | D:15     | Entered Level 15 of the Dungeon
 21791 | D:15     | Found a staircase to the Depths.
 22031 | Orc:1    | Entered Level 1 of the Orcish Mines
 22047 | Orc:1    | Reached skill level 10 in Armour
 22055 | Orc:1    | Noticed an orc warlord
 22087 | D:9      | Killed an orc warlord
 22201 | Orc:2    | Entered Level 2 of the Orcish Mines
 22203 | Orc:2    | Noticed Snorg
 22241 | Orc:2    | Killed Snorg
 22387 | Orc:2    | Paralysed by an orc sorcerer for 7 turns
 22431 | Orc:2    | Found a roughly hewn altar of Beogh.
 22566 | Orc:2    | Found a staircase to the Elven Halls.
 22634 | Orc:2    | Received a gift from Okawaru
 22641 | Orc:2    | Found Kak Jer's Antique Armour Boutique.
 22672 | Orc:2    | Bought a pair of runed gloves for 262 gold pieces
 22719 | Orc:2    | Found Tenolex's Jewellery Boutique.
 22756 | Orc:2    | Bought an uncursed ring of resist corrosion for 260 gold pieces
 22756 | Orc:2    | Bought an uncursed ring of protection from magic for 325 gold pieces
 22756 | Orc:2    | Bought an uncursed ring of see invisible for 195 gold pieces
 22899 | Orc:2    | Noticed an orc warlord
 23010 | Orc:1    | Found Sieh's Food Boutique.
 23089 | Orc:2    | Noticed an orc warlord
 23153 | Orc:1    | Killed an orc warlord
 23287 | Orc:2    | Reached skill level 10 in Dodging
 23322 | Orc:2    | Killed an orc warlord
 23364 | Orc:2    | Found Okaepoy's Antique Weapon Emporium.
 23479 | Orc:2    | Found Ubiosysmiza's General Store.
 23496 | Orc:2    | Received a gift from Okawaru
 23521 | Orc:2    | Bought a scroll of summoning for 142 gold pieces
 23564 | Orc:2    | Bought a scroll of identify for 30 gold pieces
 23564 | Orc:2    | Bought a potion of curing for 45 gold pieces
 24061 | Swamp:1  | Entered Level 1 of the Swamp
 24855 | Swamp:1  | Reached skill level 15 in Fighting
 25424 | Swamp:2  | Reached XP level 16. HP: 149/149 MP: 22/22
 25971 | Swamp:2  | Found a frozen archway.
 25990 | IceCv    | Entered an ice cave
 26077 | IceCv    | Reached skill level 5 in Evocations
 26325 | IceCv    | Noticed an Ice Fiend
 26326 | IceCv    | Noticed an Ice Fiend
 26357 | IceCv    | Killed an Ice Fiend
 26365 | IceCv    | Killed an Ice Fiend
 27212 | Swamp:3  | Received a gift from Okawaru
 27220 | Swamp:3  | Got a translucent demon whip {god gift}
 28296 | Swamp:4  | Entered Level 4 of the Swamp
 28301 | Swamp:4  | Identified the +1 demon whip of Activism {drain, *Corrode MR+++ Int+3 SInv} (Okawaru gifted it to you on level 3 of the Swamp)
 28431 | Swamp:4  | Noticed a thorn hunter
 29370 | Swamp:4  | Killed a thorn hunter
 29442 | Swamp:4  | Noticed Kirke
 29450 | Swamp:4  | Received a gift from Okawaru
 29458 | Swamp:4  | Killed Kirke
 29599 | Swamp:4  | Paralysed by a hornet for 3 turns
 29616 | Swamp:4  | Noticed a thorn hunter
 29636 | Swamp:4  | Killed a thorn hunter
 29946 | Swamp:4  | Noticed the 27-headed Lernaean hydra
 29963 | Swamp:4  | Noticed dedward's ghost (adept MiFi)
 29980 | Swamp:4  | Killed the 27-headed Lernaean hydra
 29980 | Swamp:4  | Received a gift from Okawaru
 29980 | Swamp:4  | Reached skill level 16 in Fighting
 29994 | Swamp:4  | Killed dedward's ghost
 29994 | Swamp:4  | Reached XP level 17. HP: 118/158 MP: 23/23
 30078 | Swamp:4  | Got a decaying rune of Zot
 30541 | Swamp:4  | Received a gift from Okawaru
 30760 | Spider:1 | Entered Level 1 of the Spider Nest
 30947 | Spider:1 | Reached skill level 15 in Armour
 31820 | Spider:1 | Received a gift from Okawaru
 32435 | Spider:2 | Noticed Nikola
 32588 | Spider:2 | Killed Nikola
 32588 | Spider:2 | Received a gift from Okawaru
 34188 | Spider:4 | Entered Level 4 of the Spider Nest
 34488 | Spider:4 | Reached skill level 17 in Fighting
 34488 | Spider:4 | Reached XP level 18. HP: 169/169 MP: 24/24
 34692 | Spider:4 | Got a fine bronze ring
 34942 | Spider:4 | Received a gift from Okawaru
 34991 | Spider:4 | Identified the ring "Ypliuqig" {Wiz *Contam Dex+5} (You acquired it on level 4 of the Spider Nest)
 35282 | Spider:4 | Received a gift from Okawaru
 35283 | Spider:4 | Found the +3 robe of Folly {Archmagi, MR-- Int+5}
 35321 | Spider:4 | Got a gossamer rune of Zot
 36206 | Vaults:1 | Entered Level 1 of the Vaults
 37110 | Vaults:1 | Identified Sif Muna's Almanac of Unstable Unholy Rituals
 37324 | Vaults:1 | Received a gift from Okawaru
 37470 | Vaults:1 | Noticed a Brimstone Fiend
 37758 | Vaults:1 | Reached skill level 10 in Evocations
 37846 | Vaults:1 | Reached XP level 19. HP: 167/179 MP: 25/25
 37945 | Vaults:1 | Reached skill level 18 in Fighting
 37960 | Vaults:1 | Received a gift from Okawaru
 39188 | Vaults:2 | Found a staircase to the Crypt.
 40436 | Vaults:2 | Received a gift from Okawaru
 40704 | Vaults:3 | Reached skill level 15 in Dodging
 40951 | Vaults:3 | Identified the Volume of Toxic Summoning
 41430 | Vaults:3 | Reached XP level 20. HP: 189/189 MP: 27/27
 41786 | Vaults:3 | Received a gift from Okawaru
 41814 | Vaults:3 | Reached skill level 19 in Fighting
 42213 | Vaults:3 | Found Yphehori's Jewellery Shop.
 42409 | Vaults:4 | Received a gift from Okawaru
 42427 | Vaults:4 | Got a twisted cloak {god gift}
 42442 | Vaults:4 | Identified the +0 cloak of Devotion {rC- MR+++ Dex-2 Slay+5} (Okawaru gifted it to you on level 4 of the Vaults)
 42502 | Vaults:4 | Found Lirraott's Antique Armour Shoppe.
 42505 | Vaults:4 | Bought a pair of dazzling gloves for 275 gold pieces
 42521 | Vaults:4 | Identified the cursed +0 pair of gloves of the Saviour {+Inv rF+ rC+ MR-} (You bought it in a shop on level 4 of the Vaults)
 43587 | Vaults:5 | Entered Level 5 of the Vaults
 43610 | Vaults:5 | Received a gift from Okawaru
 43611 | Vaults:5 | Found the +6 shillelagh "Devastator" {shatter}
 43627 | Vaults:5 | Reached XP level 21. HP: 177/199 MP: 29/29
 43776 | Vaults:4 | Received a gift from Okawaru
 44216 | Vaults:5 | Got a silver rune of Zot
 44318 | Vaults:5 | Received a gift from Okawaru
 44355 | Vaults:5 | Reached skill level 20 in Fighting
 44387 | Vaults:5 | Noticed a golden dragon
 44387 | Vaults:5 | Noticed a golden dragon
 44401 | Vaults:5 | Noticed zishaf's ghost (adept HOFi)
 44469 | Vaults:5 | Killed zishaf's ghost
 44802 | Vaults:5 | Found Tuotri's Weapon Shoppe.
 44830 | Vaults:5 | Bought the +6 fustibalus of Dismay {speed, +Fly rC+} for 1730 gold pieces
 45080 | Vaults:5 | Reached skill level 1 in Slings
 45098 | Vaults:5 | Killed a golden dragon
 45237 | Vaults:5 | Received a gift from Okawaru
 45303 | Vaults:5 | Killed a golden dragon
 45658 | Vaults:5 | Reached XP level 22. HP: 211/211 MP: 30/30
 45739 | Vaults:5 | Identified the Incunabulum of Helpful Heat
 45896 | Vaults:5 | Got a transparent granite ring
 45918 | Vaults:5 | Identified the ring of the Empire {rPois Dex+3 Stlth+} (You took it off a deep elf archer on level 5 of the Vaults)
 46123 | Depths:1 | Entered Level 1 of the Depths
 46280 | Depths:1 | Found Wighab's Gadget Shop.
 46280 | Depths:1 | Found Qiyko's Jewellery Shoppe.
 46281 | Depths:1 | Found Tityrphudec's Gadget Shop.
 46295 | Depths:1 | Bought a wand of acid (7) for 418 gold pieces
 46295 | Depths:1 | Bought a wand of iceblast (12) for 304 gold pieces
 46295 | Depths:1 | Bought a wand of clouds (4) for 456 gold pieces
 46295 | Depths:1 | Bought a phantom mirror for 570 gold pieces
 46329 | Depths:1 | Reached skill level 5 in Slings
 47083 | Depths:1 | Found the -2 mace of Variability {chaos}
 47344 | Depths:2 | Received a gift from Okawaru
 47395 | Depths:2 | Found a sparkling altar of Nemelex Xobeh.
 47683 | Depths:2 | Found a gateway to a ziggurat.
 47744 | Depths:2 | Noticed Mara
 47752 | Depths:2 | Noticed anselm's illusion
 48185 | Depths:2 | Noticed anselm's illusion
 48188 | Depths:2 | Killed Mara
 48192 | Depths:2 | Reached skill level 21 in Fighting
 48385 | Depths:2 | Reached skill level 10 in Slings
 48599 | Depths:2 | Found a one-way gate to the infinite horrors of the Abyss.
 48625 | Depths:2 | Received a gift from Okawaru
 48721 | Depths:2 | Reached XP level 23. HP: 220/220 MP: 32/32
 48945 | Depths:3 | Received a gift from Okawaru
 49086 | Depths:3 | Found a one-way gate leading to the halls of Pandemonium.
 50734 | Depths:4 | Noticed Louise
 50751 | Depths:4 | Killed Louise
 51333 | Depths:4 | Received a gift from Okawaru
 51423 | Depths:4 | Paralysed by a floating eye for 3 turns
 51818 | Depths:5 | Entered Level 5 of the Depths
 51848 | Depths:5 | Found a flickering gateway to a bazaar.
 51870 | Bazaar   | Entered a bazaar
 51875 | Bazaar   | Found Simyhaorr's Antique Armour Shop.
 51907 | Bazaar   | Found Wucleror's Jewellery Shop.
 51935 | Bazaar   | Bought a pair of shimmering boots for 114 gold pieces
 51956 | Bazaar   | Identified the +0 pair of boots of Defence {rElec rF- rN+ SInv} (You bought it in a shop in a bazaar)
 52261 | Depths:5 | Reached skill level 22 in Fighting
 52275 | Depths:5 | Reached skill level 15 in Evocations
 52311 | Depths:5 | Reached XP level 24. HP: 223/231 MP: 33/33
 52324 | Depths:5 | Received a gift from Okawaru
 52633 | Depths:5 | Received a gift from Okawaru
 52812 | Depths:5 | Found a gate to the Realm of Zot.
 52856 | Zot:1    | Entered Level 1 of the Realm of Zot
 53667 | Zot:1    | Received a gift from Okawaru
 54780 | Zot:1    | Received a gift from Okawaru
 54783 | Zot:1    | Got a translucent cloak {god gift}
 54795 | Zot:1    | Identified the +0 cloak of Okawaru's Supremacy {rPois Int+5} (Okawaru gifted it to you on level 1 of the Realm of Zot)
 55040 | Zot:2    | Reached XP level 25. HP: 240/240 MP: 33/33
 55646 | Zot:4    | Reached skill level 23 in Fighting
 56112 | Zot:5    | Entered Level 5 of the Realm of Zot
 56464 | Zot:5    | Received a gift from Okawaru
 56679 | Zot:5    | Noticed an ancient lich
 56696 | Zot:5    | Killed an ancient lich
 57103 | Zot:5    | Noticed an orb of fire
 57113 | Zot:5    | Gained mutation: Your body sometimes deteriorates upon taking damage. [an orb of fire]
 57127 | Zot:5    | Gained mutation: You are partially covered in molten scales. (AC +2) [an orb of fire]
 57133 | Zot:5    | Killed an orb of fire
 57133 | Zot:5    | Received a gift from Okawaru
 57156 | Zot:5    | Noticed an ancient lich
 57198 | Zot:5    | Killed an ancient lich
 57240 | Zot:5    | Noticed an orb of fire
 57250 | Zot:5    | Gained mutation: You tend to lose your temper in combat. [an orb of fire]
 57258 | Zot:5    | Killed an orb of fire
 57261 | Zot:5    | Noticed an ancient lich
 57306 | Zot:5    | Killed an ancient lich
 57306 | Zot:5    | Reached XP level 26. HP: 251/251 MP: 34/34
 57432 | Zot:5    | Noticed an ancient lich
 57448 | Zot:5    | Killed an ancient lich
 57531 | Zot:5    | Noticed an orb of fire
 57549 | Zot:5    | Killed an orb of fire
 57569 | Zot:5    | Received a gift from Okawaru
 57597 | Zot:5    | Noticed an orb of fire
 57598 | Zot:5    | Gained mutation: Your magical capacity is low. (-10% MP) [an orb of fire]
 57624 | Zot:5    | Killed an orb of fire
 57624 | Zot:5    | Received a gift from Okawaru
 57664 | Zot:5    | Reached skill level 24 in Fighting
 57771 | Zot:5    | Lost mutation: Your body sometimes deteriorates upon taking damage. [potion of mutation]
 57771 | Zot:5    | Lost mutation: Your magical capacity is low. (-10% MP) [potion of mutation]
 57771 | Zot:5    | Lost mutation: You tend to lose your temper in combat. [potion of mutation]
 57771 | Zot:5    | Gained mutation: Your magical capacity is low. (-10% MP) [potion of mutation]
 57771 | Zot:5    | Gained mutation: You are partially covered in large bone plates. (SH +4) [potion of mutation]
 57977 | Zot:5    | Got the Orb of Zot
 58146 | Depths:5 | Noticed Eqined the pandemonium lord
 58400 | D:12     | Found Emneil's Armour Shop.
 58641 | D:3      | Noticed Vewk the pandemonium lord
 58730 | D:$      | Escaped with the Orb!

Skill      XL: |  1  2  3  4  5  6  7  8  9 10 11 12 13 14 15 16 17 18 19 20 21 22 23 24 25 26 |
---------------+-------------------------------------------------------------------------------+-----
Maces & Flails | 3 4 5 6 8 10 11 13 14 16 | 16.0
Fighting       | 4 5 6 7 9 10 11 12 13 15 16 17 18 19 20 21 22 23 24 | 24.0
Shields        | 4 5 6 7 9 10 11 13 15 17 19 20 | 20.9
Invocations    | 2 4 5 7 9 10 | 10.4
Dodging        | 8 10 11 13 14 15 16 17 18 19 20 21 | 21.0
Armour         | 5 8 12 14 16 18 20 21 22 | 22.6
Evocations     | 4 7 8 10 11 12 13 14 15 16 17 | 17.1
Slings         | 4 10 13 14 | 14.2

Action                   |  1- 3 |  4- 6 |  7- 9 | 10-12 | 13-15 | 16-18 | 19-21 | 22-24 | 25-27 || total
-------------------------+-------+-------+-------+-------+-------+-------+-------+-------+-------++-------
Melee: Flail             |    43 |       |       |       |       |       |       |       |       ||    43
       Headbutt          |    13 |    26 |    46 |   105 |   494 |   565 |   543 |   649 |   198 ||  2639
       Dagger            |    35 |   174 |    80 |       |       |       |       |       |       ||   289
       Morningstar       |       |       |   226 |   273 |   727 |  1942 |  1660 |  1867 |   615 ||  7310
       Demon whip        |       |       |       |   156 |  1124 |       |       |       |       ||  1280
 Fire: Fustibalus        |       |       |       |       |       |       |       |     8 |   109 ||   117
Invok: Heroism           |       |       |       |     1 |    14 |     5 |     3 |     4 |     2 ||    29
       Finesse           |       |       |       |     1 |    10 |     6 |     6 |     8 |     5 ||    36
Evoke: Wand              |       |       |       |       |       |    16 |    12 |     5 |    10 ||    43
       Sack of spiders   |       |       |       |       |       |       |       |       |     1 ||     1
       Phantom mirror    |       |       |       |       |       |       |       |       |     1 ||     1
  Use: Scroll            |       |    14 |     8 |     5 |    13 |    24 |     6 |    10 |     4 ||    84
       Potion            |       |     1 |       |     3 |     6 |     3 |     5 |     2 |     6 ||    26
 Stab: Invisible         |       |     1 |       |       |       |       |       |       |       ||     1
       Sleeping          |       |       |       |     2 |     4 |       |       |       |       ||     6
       Confused          |       |       |       |       |       |     1 |       |       |       ||     1
       Distracted        |       |       |       |       |       |       |     1 |       |       ||     1
  Eat: Chunk             |     2 |     7 |    12 |    18 |    30 |    10 |    12 |     8 |     4 ||   103
       Ration            |       |       |       |     2 |     3 |     9 |     3 |     6 |     3 ||    26
Armor: Scale mail        |    23 |    62 |    42 |    77 |    80 |       |       |       |       ||   284
       Ring mail         |       |       |   133 |    37 |       |       |       |       |       ||   170
       Crystal plate arm |       |       |       |       |   448 |   247 |   562 |   697 |   163 ||  2117
       Swamp dragon scal |       |       |       |       |       |   207 |       |       |       ||   207
Dodge: Dodged            |    26 |    45 |   102 |   100 |   526 |   810 |   611 |   785 |   163 ||  3168
Block: Shield            |    53 |    72 |   168 |   157 |   886 |  1085 |   834 |  1091 |   294 ||  4640
